 Dungeon Crawl Stone Soup version 0.29.1-4-g47bece8355 (webtiles) character file.

Game seed: 10939108334844905743

122 sanboga the Conjurer (level 4, 0/33 HPs)
             Began as a Demigod Conjurer on Dec 1, 2022.
             Slain by a gnoll
             ... wielding a +0 whip
              (7 damage)
             ... on level 2 of the Dungeon.
             The game lasted 00:04:24 (1962 turns).

sanboga the Conjurer (Demigod Conjurer)             Turns: 1962, Time: 00:04:25

Health: 0/33       AC:  5    Str:  8    XL:     4   Next: 50%
Magic:  12/19      EV: 12    Int: 24    God:
Gold:   65         SH:  0    Dex: 12    Spells: 1/8 levels left

rFire   . . .      SeeInvis .   h - staff of conjuration
rCold   . . .      Faith    .   (no shield)
rNeg    . . .      Spirit   .   a - +0 robe
rPois   .          Reflect  .   j - +0 helmet
rElec   .          Harm     .   k - +0 cloak
rCorr   .          Rampage  .   (no gloves)
Will    .....                   c - +0 pair of boots
Stlth   ++........              (no amulet)
HPRegen 0.11/turn               m - ring of magical power
MPRegen 0.16/turn               (no ring)

@: no status effects
A: high MP 1, forlorn, divine attributes
a: no special abilities


You were on level 2 of the Dungeon.
You visited 1 branch of the dungeon, and saw 3 of its levels.

You collected 65 gold pieces.

Inventory:

Armour
 a - a +0 robe (worn)
 c - a +0 pair of boots (worn)
 j - a +0 helmet (worn)
 k - a +0 cloak (worn)
Magical Staves
 h - a staff of conjuration (weapon)
Jewellery
 m - a ring of magical power (left hand)
Scrolls
 f - a scroll of magic mapping {unknown}
 g - a scroll of brand weapon {unknown}
 i - a scroll of poison {unknown}
 l - a scroll of fog {unknown}
 n - a scroll of vulnerability {unknown}
Potions
 b - a potion of magic
 d - a potion of curing {unknown}
 e - 4 potions of degeneration {unknown}
 o - a potion of haste {unknown}


   Skills:
 + Level 2.7 Dodging
 - Level 1.7 Stealth
 + Level 2.5 Spellcasting
 * Level 4.7 Conjurations


You had one spell level left.
You knew the following spells:

 Your Spells              Type           Power      Damage    Failure   Level
a - Magic Dart            Conj           100%       1d8       1%          1
b - Searing Ray           Conj           76%        2d7       2%          2
c - Fulminant Prism       Conj/Hex       10%        3d9       38%         4

Your spell library contained the following spells:

 Spells                   Type           Power      Damage    Failure   Level
 Dazzling Flash           Conj/Hex       42%        N/A       13%         3
 Iskenderun's Mystic Bla  Conj/Tloc      21%        2d6       38%         4
 Iskenderun's Battlesphe  Conj           38%        2d9       41%         5
 Iron Shot                Conj/Erth      10%        9d3       100%        6
 Spellforged Servitor     Conj/Summ      10%        N/A       100%        7


Dungeon Overview and Level Annotations

Branches:
Dungeon (3/15)

Shops:
D:1 [


Innate Abilities, Weirdness & Mutations

You have an increased reservoir of magic. (+10% MP)
You shall have no god before yourself.
Your divine heritage dramatically boosts your attributes as you level up.


Message History

Confirm with . or Enter, or press ? or * to list all spells.
Aiming: Magic Dart (safe; 1% risk of failure)
Press: ? - help, Shift-Dir - straight line, f/p - gnoll
Aim: a gnoll, wielding a +0 whip (lightly wounded, 100% to hit)
You feel a surge of power!
The magic dart hits the gnoll!
The gnoll is severely wounded.
The gnoll misses you. The gnoll hits you with a +0 whip.
Casting: Magic Dart (safe; 1% risk of failure)
Confirm with . or Enter, or press ? or * to list all spells.
Aiming: Magic Dart (safe; 1% risk of failure)
Press: ? - help, Shift-Dir - straight line, f/p - gnoll
Aim: a gnoll, wielding a +0 whip (severely wounded, 100% to hit)
You feel a surge of power!
The magic dart hits the gnoll.
The gnoll is almost dead.
The gnoll hits you with a +0 whip. x2
Casting: Magic Dart (safe; 1% risk of failure)
Confirm with . or Enter, or press ? or * to list all spells.
Aiming: Magic Dart (safe; 1% risk of failure)
Press: ? - help, Shift-Dir - straight line, f/p - gnoll
Aim: a gnoll, wielding a +0 whip (almost dead, 100% to hit)
You feel a surge of power!
The magic dart hits the gnoll.
You kill the gnoll!
The gnoll hits you with a +0 whip!
* * * LOW HITPOINT WARNING * * *
Casting: Magic Dart (safe; 1% risk of failure)
Confirm with . or Enter, or press ? or * to list all spells.
Aiming: Searing Ray (safe; 2% risk of failure)
Press: ? - help, Shift-Dir - straight line, f - gnoll
Aim: a gnoll, wielding a +0 whip (83% to hit)
You feel a surge of power!
The searing ray hits the gnoll.
The gnoll is moderately wounded. (Press . to maintain the ray.)
The gnoll barely misses you.
The searing ray hits the gnoll.
The gnoll is severely wounded.
The gnoll barely misses you.
The searing ray hits the gnoll.
The gnoll is almost dead.
The gnoll hits you with a +0 whip!
You die...

...)............รท..(.#
#.##.#.#.####.#####..######
#.##..#..# #.##..........#
#.##.###.# #.##.##..####.#
#.###.#.## #.##.##..# #.#
#.# ##.## #.##.##..# #.#
#.# #.# #.##.##..# #.# #.#
#.# #.##)##..####.#
#.####.# #.##@##.......#
<......######.##g###.###..#
#.............##..........#
######.########......###.##
#.########.###### #.#
#...............# #.#
#.####.########.# #.#
##.####.## #.# #.#
##...##[..## #.# #.#


You could see a gnoll.

Vanquished Creatures
  Jessica (D:2)
  Natasha (D:2)
  An adder (D:2)
  3 gnolls
  5 ball pythons
  4 endoplasms
  A giant cockroach (D:2)
  3 goblins
  A hobgoblin (D:2)
  2 kobolds
  A quokka (D:1)
  4 bats
  5 frilled lizards
  4 rats (D:1)
36 creatures vanquished.

Notes
Turn   | Place    | Note
-------+----------+-------------------------------------------
     0 | D:1      | sanboga the Demigod Conjurer began the quest for the Orb.
     0 | D:1      | Reached XP level 1. HP: 14/14 MP: 5/5
   138 | D:1      | You fall into a shaft and drop 1 floor!
   170 | D:2      | Noticed Jessica
   171 | D:2      | Reached XP level 2. HP: 20/20 MP: 2/7
   230 | D:2      | Killed Jessica
   231 | D:2      | Reached skill level 4 in Conjurations
   231 | D:2      | Reached XP level 3. HP: 26/26 MP: 3/8
   467 | D:1      | Found Zevivuegi's Antique Armour Emporium.
  1498 | D:2      | Noticed Natasha
  1505 | D:2      | Killed Natasha
  1506 | D:2      | Reached XP level 4. HP: 27/33 MP: 10/10
  1509 | D:2      | Learned a level 2 spell: Searing Ray
  1514 | D:2      | Learned a level 4 spell: Fulminant Prism
  1962 | D:2      | Slain by a gnoll

Illustrated notes

Levels and vault maps discovered:
D:1:      lemuel_arrival_broad_hall, layout_loops_ring, serial_shops, shop
D:2:      layout_loops_ring, ebering_ecumenical_altar_hall, uniq_jessica,
          uniq_natasha
D:3:      layout_basic, grunt_temple_overflow_champion_of_chaos,
          roderic_roman_lattice, minmay_misc_feat_diagonals

Skill      XL: |  1  2 |
---------------+-------+-----
Dodging        | 2 |  2.7
Spellcasting   | 2 |  2.5
Conjurations   | 4 |  4.7
Stealth        | |  1.7

Action                   |  1- 3 |  4- 6 || total
-------------------------+-------+-------++-------
Melee: Staff             |     2 |     1 ||     3
 Cast: Magic Dart        |    48 |    25 ||    73
       Searing Ray       |       |     1 ||     1
Armor: Robe              |       |     4 ||     4
Dodge: Dodged            |     3 |     9 ||    12
